 Dungeon Crawl Stone Soup version 0.25-a0-591-g2ad0d861f1 (webtiles) character file.

Game seed: 886782898318344337, levelgen mode: deterministic

310 Esekla the Ducker (level 6, -2/26 HPs)
             Began as a Spriggan Artificer on Mar 14, 2020.
             Slain by a water moccasin zombie (7 damage)
             ... in an ossuary.
             The game lasted 00:34:32 (6219 turns).

Esekla the Ducker (Spriggan Artificer)              Turns: 6219, Time: 00:34:33

Health: -2/26      AC:  4    Str:  8    XL:     6   Next: 17%
Magic:  11/11      EV: 20    Int: 15    God:
Gold:   131        SH:  0    Dex: 14    Spells: 10/10 levels left

rFire    + . .     SeeInvis +   a - +1 short sword
rCold    + . .     Gourm    .   (shield restricted)
rNeg     . . .     Faith    .   b - +0 robe
rPois    +         Spirit   .   (helmet restricted)
rElec    +         Reflect  .   u - +1 cloak
rCorr    +         Harm     .   (gloves unavailable)
MR       +....     Clarity  +   (boots unavailable)
Stlth    ++........             (no amulet)
HPRegen  0.08/turn              (no ring)
MPRegen  0.12/turn              (no ring)

@: lethally poisoned (-2 -> -7), resistant, hasted, very quick
A: very small, unfitting armour, see invisible, clarity, clumsy 1, herbivore,
speed 3, frail 1, slow metabolism 2, MP-powered wands
a: no special abilities


You were in an ossuary.
You were not hungry.

You visited 1 branch of the dungeon, and saw 5 of its levels.
You also visited: Ossuary.

You collected 131 gold pieces.

Inventory:

Hand Weapons
 a - a +1 short sword (weapon)
 y - a +0 trident
Missiles
 m - 3 boomerangs (quivered)
Armour
 b - a +0 robe (worn)
 j - a +0 leather armour
 n - a +0 leather armour
 t - a cursed -1 leather armour
 u - a +1 cloak (worn)
Jewellery
 g - a cursed -2 ring of dexterity {unknown}
Wands
 c - a wand of flame (15)
 d - a wand of enslavement (14)
 e - a wand of random effects (15)
Scrolls
 h - a scroll of identify
 i - a scroll of enchant weapon
 k - 2 scrolls of immolation
 o - 2 scrolls of enchant armour
 p - 2 scrolls of teleportation
Potions
 r - a potion of brilliance
 s - 2 potions of flight
Comestibles
 f - 2 rations


   Skills:
 - Level 0.7 Fighting
 * Level 4.2 Short Blades
 + Level 1.3 Throwing
 * Level 5.3 Dodging
 + Level 3.7 Stealth
 * Level 2.7 Spellcasting
 - Level 4.0 Evocations


You had 10 spell levels left.
You didn't know any spells.
Your spell library was empty.

Dungeon Overview and Level Annotations

Branches:
Dungeon (5/15)            Ossuary (1/1)
 Temple: D:4-7

Altars:
Fedhas
Wu Jian

Annotations:
D:2 1 runed translucent door, Crazy Yiuf, Terence


Innate Abilities, Weirdness & Mutations

You are very small and have problems with some larger weapons.
You are too small for most types of armour.
You have supernaturally acute eyesight. (SInv)
You are a herbivore.
You cover ground extremely quickly.
You need to consume almost no food.
You possess an exceptional clarity of mind.
You are clumsy. (Dex -2)
You are frail. (-10% HP)
You expend magic power (3 MP) to strengthen your wands.


Message History

You hit the water moccasin zombie.
The water moccasin zombie is severely damaged.
The water moccasin zombie completely misses you.
You hit the water moccasin zombie.
The water moccasin zombie is almost destroyed.
The water moccasin zombie bites you but does no damage.
You hit the water moccasin zombie.
The water moccasin zombie is almost destroyed.
You hit the water moccasin zombie.
The water moccasin zombie is almost destroyed.
* * * LOW HITPOINT WARNING * * *
You feel sick.
The water moccasin zombie completely misses you.
You barely miss the water moccasin zombie.
The water moccasin zombie is almost destroyed.
The water moccasin zombie bites you but does no damage.
You barely miss the water moccasin zombie.
The water moccasin zombie is almost destroyed.
The water moccasin zombie bites you!
You die...

#...# #. #...#
#. #...# #.
##'## ## #^.^#
#. #^^.# #^
#^.^# #^ #.Z^#
#^ ##@## ##
#^^^# #.
#^^^##########
#.
#...#...#?!!!#
#.
#^..'.∩.#?[!!+
+Z
#∩..#...#!?!!#
#.
##############
##


You could see a water moccasin zombie.

Vanquished Creatures
  3 water moccasin zombies (Ossuary)
  Jessica (D:2)
  A big kobold zombie (Ossuary)
  2 hound skeletons (D:4)
  An adder (D:2)
  4 adder zombies (Ossuary)
  A worm (D:4)
  3 orcs (D:3)
  2 giant cockroaches (D:1)
  3 goblins
  4 hobgoblins
  7 jackals
  A quokka (D:1)
  11 bats
  6 frilled lizards
  3 gnoll zombies (Ossuary)
  2 hobgoblin zombies (Ossuary)
  2 kobolds
  4 kobold zombies (Ossuary)
  4 orc zombies (Ossuary)
  3 rats (D:2)
68 creatures vanquished.

Vanquished Creatures (others)
  2 hobgoblin zombies (Ossuary)
2 creatures vanquished.

Grand Total: 70 creatures vanquished

Notes
Turn   | Place    | Note
-------+----------+-------------------------------------------
     0 | D:1      | Esekla the Spriggan Artificer began the quest for the Orb.
     0 | D:1      | Reached XP level 1. HP: 9/9 MP: 4/4
   387 | D:1      | Reached skill level 1 in Spellcasting
   431 | D:1      | Reached XP level 2. HP: 13/14 MP: 6/6
   838 | D:2      | Reached skill level 4 in Dodging
   907 | D:2      | Noticed Terence
  1071 | D:2      | Reached XP level 3. HP: 12/17 MP: 7/7
  1096 | D:2      | Noticed Jessica
  1827 | D:2      | Found a runed translucent door.
  1828 | D:2      | Noticed Crazy Yiuf
  2269 | D:2      | Gained mutation: You possess an exceptional clarity of
                  | mind. [potion of mutation]
  2269 | D:2      | Gained mutation: You are clumsy. (Dex -2) [potion of
                  | mutation]
  2269 | D:2      | Gained mutation: You are frail. (-10% HP) [potion of
                  | mutation]
  2269 | D:2      | Gained mutation: You expend magic power (3 MP) to
                  | strengthen your wands. [potion of mutation]
  2291 | D:2      | Killed Jessica
  2291 | D:2      | Reached XP level 4. HP: 1/18 MP: 8/8
  2879 | D:4      | Noticed an ogre
  2971 | D:4      | Noticed a big kobold
  2998 | D:4      | Found a blossoming altar of Fedhas.
  2998 | D:4      | Noticed a centaur
  3976 | D:5      | Entered Level 5 of the Dungeon
  3986 | D:5      | Found an ornate altar of the Wu Jian Council.
  3997 | D:5      | Found a sand-covered staircase.
  4010 | Ossuary  | Entered an ossuary
  4641 | Ossuary  | Reached skill level 5 in Dodging
  4641 | Ossuary  | Reached XP level 5. HP: 7/22 MP: 9/9
  5169 | Ossuary  | Reached skill level 1 in Throwing
  5602 | Ossuary  | Reached XP level 6. HP: 13/26 MP: 9/11
  6219 | Ossuary  | Slain by a water moccasin zombie

Levels and vault maps discovered:
D:1:      wheals_arrival_linesprint, layout_basic, serial_glass,
          glass_columns_b, glass_columns_a
D:2:      layout_loops_ring, first_ration, uniq_crazy_yiuf_cottage,
          uniq_jessica, uniq_terence
D:3:      layout_loops_corners, ashenzari_altar_1
D:4:      layout_loops_ring, fedhas_bush_and_centaur_altar
D:5:      layout_cave_pools, lemuel_crystal_altar,
          lightli_ossuary_entry_decrepit_ruins, grunt_ministairs_10,
          uniq_grinder, uniq_eustachio
Ossuary:  ossuary_tomb_2

Skill      XL: |  1  2  3  4  5 |
---------------+----------------+-----
Spellcasting   | 1 2 |  2.7
Dodging        | 4 5 |  5.3
Short Blades   | 2 3 4 |  4.2
Stealth        | 2 3 |  3.7
Throwing       | 1 |  1.3
Fighting       | |  0.7
Evocations     | |  4.0

Action                   |  1- 3 |  4- 6 || total
-------------------------+-------+-------++-------
Melee: Short sword       |   179 |   180 ||   359
Throw: Boomerang         |    11 |    67 ||    78
Evoke: Wand              |     1 |       ||     1
  Use: Potion            |     5 |     2 ||     7
       Scroll            |     4 |     6 ||    10
 Stab: Sleeping          |     9 |     9 ||    18
       Distracted        |       |     1 ||     1
  Eat: Ration            |       |     2 ||     2
Armor: Robe              |    23 |    29 ||    52
Dodge: Dodged            |   183 |   122 ||   305

Table legend:
 A = Non-vault XP
 B = Vault XP
 C = Vault XP percentage of total XP
 D = Non-vault monster count
 E = Vault monster count
 F = Vault count percentage of total count
                 A         B        C        D         E       F
            +---------+---------+-------+---------+---------+-------
      Total |     122 |     321 |  72.5 |      46 |      24 |  34.3
            +---------+---------+-------+---------+---------+-------
        D:1 |      31 |       0 |   0.0 |      19 |       0 |   0.0
        D:2 |      27 |      37 |  57.8 |      11 |       1 |   8.3
        D:3 |      22 |       0 |   0.0 |      12 |       0 |   0.0
        D:4 |      41 |       0 |   0.0 |       3 |       0 |   0.0
        D:5 |       1 |       0 |   0.0 |       1 |       0 |   0.0
    Ossuary |       0 |     284 | 100.0 |       0 |      23 | 100.0
            +---------+---------+-------+---------+---------+-------
